 Dungeon Crawl Stone Soup version 0.31-a0-234-gad7ace16ef (webtiles) character file.

Game seed: 11101659852187558777

1303 qw the Skirmisher (level 8, 0/68 HPs)
             Began as a Minotaur Hexslinger on July 9, 2023.
             Was a Follower of Okawaru.
             Succumbed to a gnoll sergeant's poison
             ... on level 6 of the Dungeon.
             The game lasted 00:02:20 (5488 turns).

qw the Skirmisher (Minotaur Hexslinger)             Turns: 5488, Time: 00:02:20

Health: 0/68       AC:  7    Str: 20    XL:     8   Next: 31%
Magic:  8/9        EV: 14    Int: 10    God:    Okawaru [*.....]
Gold:   1230       SH:  0    Dex: 14    Spells: 8/9 levels left

rFire   . . .        Y - +3 sling
rCold   . . .        (no shield)
rNeg    . . .        h - +0 ring mail
rPois   .            (helmet restricted)
rElec   .            (no cloak)
rCorr   .            e - +0 pair of gloves
SInv    .            (no boots)
Will    .....        (no amulet)
Stlth   ++           d - +6 ring of strength
HPRegen 0.31/turn    (no ring)
MPRegen 0.11/turn

%: no passive effects
@: lethally poisoned (0 -> -10), heroic
A: horns 2, retaliatory headbutt
a: Renounce Religion, Heroism


You were on level 6 of the Dungeon.
You worshipped Okawaru.
Okawaru was aware of your devotion.
You visited 2 branches of the dungeon, and saw 7 of its levels.
You also visited: Ossuary.

You collected 1230 gold pieces.


Innate Abilities, Weirdness & Mutations

You have a pair of horns on your head.
You reflexively headbutt those who attack you in melee.


   Skills:
 + Level 5.2(10.2) Fighting
 - Level 9.0(14.0) Ranged Weapons
 - Level 2.0(7.0) Armour
 - Level 3.0(8.0) Dodging
 - Level 1.0 Spellcasting
 - Level 2.0 Hexes
 + Level 3.2 Invocations


You had 8 spell levels left.
You knew the following spells:

 Your Spells              Type           Power      Damage    Failure   Level
a - Slow                  Hex            16%        N/A       24%         1

Your spell library contained the following spells:

 Spells                   Type           Power      Damage    Failure   Level
 Inner Flame              Hex/Fire       2%         N/A       71%         3
 Portal Projectile        Hex/Tloc       4%         N/A       71%         3
 Cause Fear               Hex            2%         N/A       93%         4

Inventory:

Hand Weapons
 Y - a +3 sling (weapon)
Armour
 e - a +0 pair of gloves (worn)
 h - a +0 ring mail (worn)
Jewellery
 a - a ring of fire
 d - a +6 ring of strength (left hand)
Scrolls
 b - a scroll of identify
Potions
 c - 2 potions of haste
 f - a potion of cancellation
 g - a potion of lignification {unknown}

Dungeon Overview and Level Annotations

Branches:
Dungeon (6/15)             Temple (1/1) D:4         Ossuary (visited)

Altars:
Cheibriados
Dithmenos
Elyvilon
Fedhas
Gozag
Hepliaklqana
Kikubaaqudgha
Makhleb
Okawaru
Ru
Sif Muna
Trog
Uskayaw
Wu Jian
Yredelemnul
The Shining One

Annotations:
D:2 1 runed translucent door, Crazy Yiuf
D:4 1 runed translucent door


Message History

The sling bullet hits the gnoll but does no damage.
The gnoll is moderately wounded.
You shoot a sling bullet. The sling bullet hits the gnoll!
You kill the gnoll!
Okawaru accepts your kill.
Your base Dodging skill increases to level 3!
You shoot a sling bullet. The sling bullet hits the gnoll.
The gnoll is moderately wounded.
You shoot a sling bullet.
The sling bullet barely misses the gnoll sergeant.
The gnoll sergeant hits you from afar with a +1 spear of venom!
You shoot a sling bullet.
The sling bullet hits the gnoll sergeant.
The gnoll sergeant is moderately wounded.
You shoot a sling bullet.
The sling bullet hits the gnoll sergeant.
The gnoll sergeant is moderately wounded.
The gnoll sergeant hits you from afar with a +1 spear of venom.
You are poisoned.
You shoot a sling bullet.
The gnoll sergeant blocks the sling bullet.
You feel sick.
The gnoll sergeant hits you from afar with a +1 spear of venom!
You shoot a sling bullet.
The sling bullet hits the gnoll sergeant!
The gnoll sergeant is almost dead.
You feel sick.
The gnoll sergeant hits you from afar with a +1 spear of venom.
You are lethally poisoned!
You shoot a sling bullet.
The sling bullet hits the gnoll sergeant!
You kill the gnoll sergeant!
Okawaru accepts your kill.
You feel very sick.
There is a lethal amount of poison in your body!
You feel very sick.
You shoot a sling bullet. The sling bullet hits the gnoll!
You kill the gnoll!
Okawaru accepts your kill.
You die...

... ... .... ....<
g....# #.....###
g.....).# ########.
#.## #........ #@.#
#........
##.#######........
#..?.............
#..########........
##.########..[.....
#.................
#######....#....#.
########..#.###.......
........[.............


There were no monsters in sight!

Vanquished Creatures
  Sigmund (D:3)
  A black bear (D:5)
  An ice beast (D:6)
  A phantom (D:4)
  3 elf zombies (Ossuary)
  2 scorpions
  A gnoll sergeant (D:6)
  A centaur zombie (Ossuary)
  A human zombie (Ossuary)
  2 hounds
  Ijyb (D:3)
  2 sleepcaps
  2 mummies (Ossuary)
  6 adders
  10 gnolls
  A white imp (D:6)
  2 worms
  2 dart slugs (D:2)
  10 orcs
  10 ball pythons
  5 bats
  7 endoplasms
  3 giant cockroaches
  15 goblins
  6 hobgoblins
  2 jackals
  6 quokkas
  3 frilled lizards
  A gnoll zombie (Ossuary)
  4 goblin zombies (Ossuary)
  A hobgoblin zombie (Ossuary)
  8 kobolds
  3 orc zombies (Ossuary)
  5 rats
129 creatures vanquished.

Notes
Turn   | Place    | Note
-------+----------+-------------------------------------------
     0 | D:1      | qw the Minotaur Hexslinger began the quest for the Orb.
     0 | D:1      | Reached XP level 1. HP: 16/16 MP: 1/1
     0 | D:1      | 0 ||| qw: Version: 0.3-a-51-g015441d
     0 | D:1      | 0 ||| qw: Game counter: 4127
     0 | D:1      | 0 ||| qw: Melee chars always use a shield: true
     0 | D:1      | 0 ||| qw: God list: Okawaru
     0 | D:1      | 0 ||| qw: Allow faded altars: false
     0 | D:1      | 0 ||| qw: Do Orc after clearing Dungeon:15 true
     0 | D:1      | 0 ||| qw: Do second Lair branch before Depths: true
     0 | D:1      | 0 ||| qw: Lair rune preference: random
     0 | D:1      | 0 ||| qw: Goals: Normal
     0 | D:1      | 0 ||| PLANNING D:1-11
    59 | D:1      | 59 ||| FLEEEEING.
    60 | D:1      | 60 ||| FLEEEEING.
    61 | D:1      | 61 ||| FLEEEEING.
    62 | D:1      | 62 ||| FLEEEEING.
    63 | D:1      | 63 ||| FLEEEEING.
    64 | D:1      | 64 ||| FLEEEEING.
    65 | D:1      | 65 ||| FLEEEEING.
    66 | D:1      | 66 ||| FLEEEEING.
    67 | D:1      | 67 ||| FLEEEEING.
    68 | D:1      | 68 ||| FLEEEEING.
    69 | D:1      | 69 ||| FLEEEEING.
    70 | D:1      | 70 ||| FLEEEEING.
    71 | D:1      | 71 ||| FLEEEEING.
    72 | D:1      | 72 ||| FLEEEEING.
    73 | D:1      | 73 ||| FLEEEEING.
    74 | D:1      | 74 ||| FLEEEEING.
    75 | D:1      | 75 ||| FLEEEEING.
    76 | D:1      | 76 ||| FLEEEEING.
    77 | D:1      | 77 ||| FLEEEEING.
   200 | D:1      | Reached skill level 3 in Ranged Weapons
   200 | D:1      | Reached XP level 2. HP: 21/23 MP: 2/2
   467 | D:1      | Reached XP level 3. HP: 29/29 MP: 3/3
   772 | D:1      | 772 ||| READING scroll labelled IQAOPN AQAISHRE.
   773 | D:1      | 773 ||| READING scroll labelled OLU ETHAURUGRO.
   774 | D:1      | 774 ||| READING scroll labelled PAM DOOCEFUM.
   775 | D:1      | 775 ||| DROPPING scroll of poison.
   866 | D:2      | 866 ||| FLEEEEING.
   867 | D:2      | 867 ||| FLEEEEING.
   868 | D:2      | 868 ||| STAIRDANCE
   887 | D:1      | 887 ||| READING scroll labelled IJIHEO WILA.
  1003 | D:2      | Reached skill level 4 in Ranged Weapons
  1371 | D:2      | Found a faded altar of an unknown god.
  1455 | D:2      | Found a runed translucent door.
  1456 | D:2      | Noticed Crazy Yiuf
  1590 | D:2      | Reached XP level 4. HP: 36/36 MP: 4/4
  1819 | D:2      | 1819 ||| UPGRADING to +0 leather armour.
  1829 | D:2      | 1829 ||| DROPPING +0 robe.
  1830 | D:2      | 1830 ||| UPGRADING to +0 ring mail.
  1840 | D:2      | 1840 ||| DROPPING +0 leather armour.
  1841 | D:2      | 1841 ||| READING scroll labelled KETAOT RURGH.
  1842 | D:2      | 1842 ||| READING scroll labelled NUFFIMMO ODGHI.
  1898 | D:2      | 1898 ||| READING 2 scrolls labelled FYFYUC HOSSO.
  1899 | D:2      | 1899 ||| DROPPING scroll of revelation.
  2021 | D:3      | Reached skill level 1 in Armour
  2081 | D:3      | Noticed Ijyb
  2109 | D:3      | Killed Ijyb
  2110 | D:3      | Reached skill level 5 in Ranged Weapons
  2144 | D:3      | 2144 ||| FLEEEEING.
  2145 | D:3      | 2145 ||| FLEEEEING.
  2146 | D:3      | 2146 ||| FLEEEEING.
  2147 | D:3      | 2147 ||| FLEEEEING.
  2148 | D:3      | 2148 ||| FLEEEEING.
  2149 | D:3      | 2149 ||| FLEEEEING.
  2150 | D:3      | 2150 ||| FLEEEEING.
  2151 | D:3      | 2151 ||| FLEEEEING.
  2152 | D:3      | 2152 ||| FLEEEEING.
  2157 | D:3      | 2157 ||| FLEEEEING.
  2158 | D:3      | 2158 ||| FLEEEEING.
  2159 | D:3      | 2159 ||| FLEEEEING.
  2160 | D:3      | 2160 ||| FLEEEEING.
  2161 | D:3      | 2161 ||| FLEEEEING.
  2162 | D:3      | 2162 ||| FLEEEEING.
  2163 | D:3      | 2163 ||| FLEEEEING.
  2168 | D:3      | 2168 ||| FLEEEEING.
  2169 | D:3      | 2169 ||| FLEEEEING.
  2170 | D:3      | 2170 ||| FLEEEEING.
  2171 | D:3      | 2171 ||| FLEEEEING.
  2172 | D:3      | 2172 ||| FLEEEEING.
  2173 | D:3      | 2173 ||| STAIRDANCE
  2217 | D:3      | 2217 ||| STAIRDANCE
  2247 | D:3      | Noticed Sigmund
  2259 | D:3      | Killed Sigmund
  2260 | D:3      | Reached XP level 5. HP: 15/48 MP: 5/5
  2260 | D:3      | Reached XP level 6. HP: 17/56 MP: 6/6
  2260 | D:3      | 2260 ||| FLEEEEING.
  2261 | D:3      | 2261 ||| FLEEEEING.
  2262 | D:3      | 2262 ||| FLEEEEING.
  2263 | D:3      | 2263 ||| FLEEEEING.
  2264 | D:3      | 2264 ||| FLEEEEING.
  2265 | D:3      | 2265 ||| FLEEEEING.
  2266 | D:3      | 2266 ||| FLEEEEING.
  2267 | D:3      | 2267 ||| FLEEEEING.
  2268 | D:3      | 2268 ||| FLEEEEING.
  2269 | D:3      | 2269 ||| FLEEEEING.
  2270 | D:3      | 2270 ||| FLEEEEING.
  2271 | D:3      | 2271 ||| STAIRDANCE
  2396 | D:3      | 2396 ||| STAIRDANCE
  2516 | D:3      | 2516 ||| Stepping ~*~*~tactically~*~*~ (outnumbered).
  2518 | D:3      | 2518 ||| Stepping ~*~*~tactically~*~*~ (outnumbered).
  2527 | D:3      | HP: 12/56 [gnoll/+0 halberd (9)]
  2530 | D:3      | HP: 3/56 [gnoll/+0 halberd (11)]
  2532 | D:3      | 2532 ||| FLEEEEING.
  2534 | D:3      | HP: 1/56 [gnoll/+0 whip (3)]
  2774 | D:3      | 2774 ||| READING scroll of enchant weapon.
  2774 | D:3      | 2774 ||| ENCHANTING +2 sling.
  3150 | D:3      | 3150 ||| READING scroll labelled YCRAXIGGYNN.
  3193 | D:4      | Found a staircase to the Ecumenical Temple.
  3194 | D:4      | 3194 ||| PLANNING TEMPLE
  3194 | D:4      | 3194 ||| READING scroll labelled ZYJYIKKAU KAMM.
  3212 | D:4      | Reached skill level 6 in Ranged Weapons
  3220 | Temple   | Entered the Ecumenical Temple
  3266 | Temple   | 3266 ||| PLANNING OKAWARU WORSHIP
  3280 | Temple   | Became a worshipper of Warmaster Okawaru
  3281 | Temple   | 3281 ||| PLANNING D:1-11
  3488 | D:4      | Found a hazy altar of Hepliaklqana.
  3635 | D:4      | Reached XP level 7. HP: 55/61 MP: 7/7
  3646 | D:4      | 3646 ||| FLEEEEING.
  3710 | D:4      | Reached skill level 7 in Ranged Weapons
  3777 | D:4      | 3777 ||| FLEEEEING.
  3778 | D:4      | 3778 ||| FLEEEEING.
  3779 | D:4      | 3779 ||| FLEEEEING.
  3780 | D:4      | 3780 ||| FLEEEEING.
  3781 | D:4      | 3781 ||| FLEEEEING.
  3782 | D:4      | 3782 ||| FLEEEEING.
  3784 | D:4      | 3784 ||| FLEEEEING.
  3788 | D:4      | 3788 ||| FLEEEEING.
  3789 | D:4      | 3789 ||| FLEEEEING.
  3790 | D:4      | 3790 ||| FLEEEEING.
  3791 | D:4      | 3791 ||| STAIRDANCE
  3823 | D:3      | 3823 ||| DROPPING ring of flight.
  3957 | D:4      | Found a runed translucent door.
  3957 | D:4      | Noticed a human
  3961 | D:4      | Found a basalt altar of Yredelemnul.
  4165 | D:4      | 4165 ||| READING scroll labelled COXZIC SIOXKO.
  4166 | D:4      | 4166 ||| READING scroll labelled MERUKHLEBAE.
  4166 | D:4      | Identified a scroll of acquirement
  4166 | D:4      | 4166 ||| ACQUIRING 748 gold pieces
  4166 | D:4      | Acquired 748 gold pieces
  4193 | D:5      | Entered Level 5 of the Dungeon
  4194 | D:5      | 4194 ||| PLANNING OSSUARY
  4276 | D:5      | HP: 15/61 [black bear (6)]
  4452 | D:5      | Reached * piety under Okawaru
  4453 | D:5      | Reached skill level 8 in Ranged Weapons
  4496 | D:5      | Found a sand-covered staircase.
  4497 | D:5      | 4497 ||| READING 2 scrolls of identify.
  4497 | D:5      | 4497 ||| IDENTIFYING fuming sapphire potion
  4507 | Ossuary  | Entered an ossuary
  4530 | Ossuary  | 4530 ||| INVOKING Heroism.
  4535 | Ossuary  | Reached skill level 1 in Invocations
  4681 | Ossuary  | 4681 ||| INVOKING Heroism.
  4790 | Ossuary  | 4790 ||| INVOKING Heroism.
  4804 | Ossuary  | HP: 13/61 [elf zombie (4)]
  4805 | Ossuary  | 4805 ||| READING scroll of teleportation.
  4807 | Ossuary  | Reached skill level 9 in Ranged Weapons
  4807 | Ossuary  | Reached XP level 8. HP: 12/68 MP: 6/8
  5046 | D:5      | 5046 ||| PLANNING D:1-11
  5264 | D:5      | 5264 ||| UPGRADING to +0 pair of gloves.
  5269 | D:5      | 5269 ||| UPGRADING to +6 ring of strength.
  5270 | D:5      | 5270 ||| READING 2 scrolls of identify.
  5270 | D:5      | 5270 ||| IDENTIFYING orange potion
  5315 | D:6      | 5315 ||| PLANNING SEWER
  5351 | D:6      | 5351 ||| INVOKING Heroism.
  5467 | D:6      | 5467 ||| Stepping ~*~*~tactically~*~*~ (outnumbered).
  5471 | D:6      | 5471 ||| INVOKING Heroism.
  5477 | D:6      | Reached skill level 3 in Invocations
  5480 | D:6      | Reached skill level 3 in Dodging
  5484 | D:6      | HP: 14/68 [gnoll sergeant/+1 spear of venom (10)]
  5486 | D:6      | HP: 6/68 [poisoned by a gnoll sergeant]
  5487 | D:6      | HP: 2/68 [poisoned by a gnoll sergeant]
  5488 | D:6      | Succumbed to a gnoll sergeant's poison

Levels and vault maps discovered:
D:1:      amcnicky_arrival_choice, layout_basic
D:2:      layout_basic, dreamdust_ecumenical_altar_angels_and_demons,
          uniq_crazy_yiuf_cottage
D:3:      layout_loops_ring, uniq_ijyb, uniq_sigmund
D:4:      cheibrodos_helix_gallery, layout_basic, mainiacjoe_overflow_24_doors,
          dk_yredelemnul_ordeal, temple_pool_b, kennysheep_donut
D:5:      layout_rooms, enter_ossuary_1
D:6:      layout_rooms, gup_sewer_entry_bubbles, hex_medium, uniq_pikel
Temple:   zaba_magenta_temple

Skill      XL: |  1  2  3  4  5  6  7  8 |
---------------+-------------------------+-----
Ranged Weapons | 3 4 5 6 9 |  9.0
Fighting       | 2 5 |  5.2
Armour         | 1 2 |  2.0
Invocations    | 1 3 |  3.2
Dodging        | 3 |  3.0
Spellcasting   | |  1.0
Hexes          | |  2.0

Action                     |  1- 3 |  4- 6 |  7- 9 || total
---------------------------+-------+-------+-------++-------
   Fire: Sling             |   143 |   172 |   206 ||   521
 Invoke: Heroism           |       |       |     5 ||     5
    Use: Scroll            |     4 |     6 |     5 ||    15
 Armour: Robe              |    16 |       |       ||    16
         Ring mail         |       |    27 |    35 ||    62
  Dodge: Dodged            |    50 |    51 |    55 ||   156

Table legend:
 A = Non-vault XP
 B = Vault XP
 C = Vault XP percentage of total XP
 D = Non-vault monster count
 E = Vault monster count
 F = Vault count percentage of total count
                 A         B        C        D         E       F
            +---------+---------+-------+---------+---------+-------
      Total |    1092 |     784 |  41.8 |     109 |      20 |  15.5
            +---------+---------+-------+---------+---------+-------
        D:1 |      50 |       0 |   0.0 |      28 |       0 |   0.0
        D:2 |      51 |       0 |   0.0 |      17 |       0 |   0.0
        D:3 |     129 |     267 |  67.4 |      29 |       2 |   6.5
        D:4 |     294 |      81 |  21.6 |      21 |       2 |   8.7
        D:5 |     187 |       0 |   0.0 |       6 |       0 |   0.0
        D:6 |     381 |       0 |   0.0 |       8 |       0 |   0.0
    Ossuary |       0 |     436 | 100.0 |       0 |      16 | 100.0
            +---------+---------+-------+---------+---------+-------
